 Dungeon Crawl Stone Soup version 0.16.2-12-gd0ad4c3 (webtiles) character file.

682 Goblin1989 the Vexing (level 7, -4/32 HPs)
             Began as a Spriggan Enchanter on Jan 6, 2017.
             Was a Follower of Sif Muna.
             Slain by a hippogriff (5 damage)
             ... on level 5 of the Dungeon on Mar 12, 2017.
             The game lasted 00:23:15 (5564 turns).

Goblin1989 the Vexing (Spriggan Enchanter)          Turns: 5564, Time: 00:23:15

Health: -4/32      AC:  3    Str:  4    XL:     7   Next: 34%
Magic:  24/31      EV: 19    Int: 18    God:    Sif Muna [*.....]
Gold:   302        SH:  0    Dex: 17    Spells: 3 memorised, 9 levels left

rFire  . . .     SeeInvis +     a - +1 dagger
rCold  . . .     Clarity  .     b - +1 robe
rNeg   . . .     SustAb   .     (shield restricted)
rPois  .         Gourm    .     (helmet restricted)
rElec  .         Spirit   .     (no cloak)
rCorr  .         Warding  .     (gloves unavailable)
rMut   .         Stasis   .     (boots unavailable)
MR     +....                    (no amulet)
Stlth  ++++......               (no ring)
                                g - ring of magical power

@: very quick, somewhat resistant to hostile enchantments, stealthy
A: unfitting armour, see invisible, herbivore 3, speed 3, slow metabolism 2
a: Channel Energy, Renounce Religion


You were on level 5 of the Dungeon.
You worshipped Sif Muna.
Sif Muna was aware of your devotion.
You were not hungry.

You visited 1 branch of the dungeon, and saw 5 of its levels.

You collected 302 gold pieces.

Inventory:

Hand weapons
 a - a +1 dagger (weapon)
 t - a +0 rapier
Missiles
 l - 66 sling bullets
 m - 150 stones (quivered)
 y - 18 poisoned needles
Armour
 b - a +1 robe (worn)
Magical staves
 w - a staff of cold {unknown}
Jewellery
 g - a ring of magical power (left hand)
Magical devices
 x - a wand of digging (9)
Scrolls
 f - 2 scrolls of enchant armour {unknown}
 h - a scroll of blinking {unknown}
 i - a scroll of immolation {unknown}
 k - 2 scrolls of fog {unknown}
 o - 3 scrolls of teleportation {unknown}
 p - 3 scrolls of enchant weapon {unknown}
 q - 8 scrolls of identify {unknown}
 r - a scroll of magic mapping {unknown}
 s - a scroll of recharging {unknown}
 A - a scroll of remove curse {unknown}
 B - a scroll of amnesia {unknown}
Potions
 e - a potion of ambrosia {unknown}
 j - a potion of curing {unknown}
 n - a potion of mutation {unknown}
 u - a potion of haste {unknown}
 v - a potion of heal wounds {unknown}
Books
 c - a book of Maledictions

   Spells                             Type                      Level
   a - Corona                         Hexes                        1
   b - Sure Blade                     Hexes/Charms                 2
   c - Ensorcelled Hibernation        Hexes/Ice                    2
   d - Confuse                        Hexes                        3
   e - Dazzling Spray                 Conjuration/Hexes            3
   f - Enslavement                    Hexes                        4
Comestibles
 d - 3 bread rations {@e1}


   Skills:
 + Level 2.9 Short Blades
 + Level 3.9 Dodging
 + Level 6.3 Stealth
 * Level 4.8 Spellcasting
 * Level 7.1 Hexes
 - Level 2.0 Ice Magic


You had 9 spell levels left.
You knew the following spells:

 Your Spells              Type           Power        Failure   Level  Hunger
a - Corona                Hex            ####...      1%          1    None
x - Confuse               Hex            ####....     2%          3    ###....
z - Ensorcelled Hibernat  Hex/Ice        ###...       3%          2    #......


Dungeon Overview and Level Annotations

Branches:
Dungeon (5/15)
 Temple: D:4-7

Altars:
Cheibriados
Elyvilon
Sif Muna

Annotations:
D:4 exclusion: Dowan, Dowan


Innate Abilities, Weirdness & Mutations

You are tiny and cannot use many weapons and most armour.
You have supernaturally acute eyesight.
You are a herbivore.
You cover ground extremely quickly.
You need consume almost no food.


Message History

Aim: a hippogriff (chance 58%)
Okay, then.
Casting: Confuse
Confirm with . or Enter, or press ? or * to list all spells.
Aiming: Ensorcelled Hibernation
Press: ? - help, Shift-Dir - straight line, f - hippogriff
Aim: a hippogriff (chance 50%)
The hippogriff looks drowsy...
You now have 29/31 mp.
The hippogriff screeches!
A crimson imp comes into view.
Casting: Ensorcelled Hibernation
Confirm with . or Enter, or press ? or * to list all spells.
Aiming: Ensorcelled Hibernation
Press: ? - help, Shift-Dir - straight line, f/p - hippogriff
Aim: a hippogriff (chance 50%)
The hippogriff is unaffected.
The hippogriff bites you. The hippogriff misses you. The hippogriff claws you!
You take 9 damage, and have 23/32 hp.
MASSIVE DAMAGE!!
You now have 28/31 mp.
Casting: Ensorcelled Hibernation
Confirm with . or Enter, or press ? or * to list all spells.
Aiming: Ensorcelled Hibernation
Press: ? - help, Shift-Dir - straight line, f/p - hippogriff
Aim: a hippogriff (chance 50%)
The hippogriff is unaffected.
The hippogriff misses you. The hippogriff misses you. The hippogriff claws you.
You take 5 damage, and have 18/32 hp.
You now have 26/31 mp.
Casting: Ensorcelled Hibernation
Confirm with . or Enter, or press ? or * to list all spells.
Aiming: Confuse
Press: ? - help, Shift-Dir - straight line, f/p - hippogriff
Aim: a hippogriff (chance 58%)
The hippogriff appears confused.
The crimson imp blinks!
You now have 23/31 mp.
You hit the hippogriff.
The hippogriff is lightly wounded.
The hippogriff misses you. The hippogriff pecks you!
* * * LOW HITPOINT WARNING * * *
The hippogriff completely misses you.
You take 7 damage, and have 11/32 hp.
MASSIVE DAMAGE!!
You hit the hippogriff but do no damage.
The crimson imp blinks!
Casting: Confuse
Confirm with . or Enter, or press ? or * to list all spells.
Aiming: Confuse
Press: ? - help, Shift-Dir - straight line, f - crimson imp, p - hippogriff
Aim: a crimson imp (chance 40%)
The crimson imp appears confused.
You now have 21/31 mp.
You catch the helpless crimson imp completely off-guard!
You impale the crimson imp!!
You kill the crimson imp!
You hit the hippogriff.
The hippogriff is lightly wounded.
You hit the hippogriff but do no damage.
The hippogriff is lightly wounded.
You hit the hippogriff.
The hippogriff is lightly wounded.
The hippogriff barely misses you. The hippogriff completely misses you.
The hippogriff completely misses you.
You hit the hippogriff.
The hippogriff is lightly wounded.
You hit the hippogriff.
The hippogriff is moderately wounded.
You hit the hippogriff but do no damage.
The hippogriff is moderately wounded.
You hit the hippogriff.
The hippogriff is moderately wounded.
You catch the helpless hippogriff completely off-guard!
You impale the hippogriff!!
The hippogriff is severely wounded.
You hit the hippogriff.
The hippogriff is almost dead.
The hippogriff bites you.
* * * LOW HITPOINT WARNING * * *
The hippogriff pecks you.
* * * LOW HITPOINT WARNING * * *
The hippogriff completely misses you.
You take 6 damage, and have 7/32 hp.
Throwing (i - inventory):
m - 152 stones (quivered)
Press: ? - help, Shift-Dir - straight line, f - hippogriff
Aim: a hippogriff (almost dead, bewildered and confused)
You throw a stone.
The stone hits the hippogriff but does no damage.
The hippogriff is almost dead.
The hippogriff seems less confused.
Throwing (i - inventory):
m - 151 stones (quivered)
Press: ? - help, Shift-Dir - straight line, f/p - hippogriff
Aim: a hippogriff (almost dead)
You throw a stone. The stone barely misses the hippogriff.
Casting: Confuse
Confirm with . or Enter, or press ? or * to list all spells.
Aiming: Confuse
Press: ? - help, Shift-Dir - straight line, f/p - hippogriff
Aim: a hippogriff (almost dead, chance 59%)
The hippogriff resists with significant effort.
The hippogriff bites you!
* * * LOW HITPOINT WARNING * * *
The hippogriff misses you. The hippogriff claws you.
You die... █)█████████ █....)....█ ███ ████████..█ .(█ ██.█ █.█ ███.█ █(█ █.... █.█ ██.███ █H█

█..█ █ █@█ █..███
█.█ █..... █.█
█.██.█ █.█ █.██.█
█.█ █.██.█ █.█
█.██.█ █.█ █.██.█
█.█ █.██..
█.███████████.██..


You could see a hippogriff.

Vanquished Creatures
  Blork the orc (D:4)
  A jelly (D:5)
  A crimson imp (D:5)
  3 hounds (D:4)
  2 orc priests
  An iguana (D:5)
  5 orc wizards
  A worker ant (D:4)
  5 gnolls (D:3)
  4 adders
  4 worms
  3 giant geckos
  12 orcs
  3 ball pythons
  4 giant cockroaches
  7 goblins
  9 hobgoblins
  4 kobolds
  A quokka (D:2)
  8 bats
  5 giant newts
  10 jackals
  6 rats
100 creatures vanquished.

Notes
Turn   | Place    | Note
--------------------------------------------------------------
     0 | D:1      | Goblin1989, the Spriggan Enchanter, began the quest for the Orb.
     0 | D:1      | Reached XP level 1. HP: 9/9 MP: 4/4
   334 | D:1      | Reached XP level 2. HP: 13/13 MP: 7/7
   398 | D:1      | Learned a level 2 spell: Ensorcelled Hibernation
   841 | D:1      | Reached skill level 5 in Stealth
  1141 | D:1      | Reached XP level 3. HP: 16/16 MP: 9/9
  2225 | D:2      | Reached skill level 1 in Ice Magic
  2225 | D:2      | Reached XP level 4. HP: 21/21 MP: 5/13
  2463 | D:2      | Reached skill level 5 in Hexes
  2936 | D:3      | Learned a level 3 spell: Confuse
  3239 | D:3      | Reached XP level 5. HP: 24/24 MP: 8/16
  3479 | D:3      | Found a deep blue altar of Sif Muna.
  3479 | D:3      | Found a snail-covered altar of Cheibriados.
  3479 | D:3      | Found a white marble altar of Elyvilon.
  3486 | D:3      | Became a worshipper of Sif Muna the Loreminder
  3788 | D:4      | Noticed Blork the orc
  3807 | D:4      | Killed Blork the orc
  3807 | D:4      | Reached skill level 6 in Hexes
  3923 | D:4      | Reached XP level 6. HP: 28/28 MP: 8/18
  4087 | D:4      | Noticed Dowan
  4916 | D:5      | Entered Level 5 of the Dungeon
  5059 | D:5      | Acquired Sif Muna's first power
  5059 | D:5      | Reached XP level 7. HP: 21/32 MP: 4/21
  5214 | D:5      | Reached skill level 7 in Hexes
  5515 | D:5      | Noticed a hippogriff
  5564 | D:5      | HP: 1/32 [hippogriff (7)]
  5564 | D:5      | Slain by a hippogriff

Action                   |  1- 3 |  4- 6 |  7- 9 || total
-------------------------+-------+-------+-------++-------
Melee: Dagger            |   103 |   109 |    43 ||   255
Throw: Stone             |    18 |       |     2 ||    20
 Cast: Corona            |     2 |       |       ||     2
       Ensorcelled Hiber |    37 |    55 |     3 ||    95
       Confuse           |       |    25 |     7 ||    32
 Stab: Sleeping          |    26 |    37 |     1 ||    64
       Confused          |       |    16 |     5 ||    21
  Eat: Bread ration      |     1 |       |       ||     1
       Fruit             |       |     2 |     2 ||     4

Vault maps used:
D:1:      shiori_shiawase
D:3:      gammafunk_temple_overflow_claw
D:4:      uniq_blork_the_orc, uniq_duvessa
D:5:      first_bread, makhleb_blood_cavern_becter, uniq_crazy_yiuf_cottage
